 Dungeon Crawl Stone Soup version 0.19-a0-1608-g4cf22de (webtiles) character file.

32 Alarkh the Grave Robber (level 3, 0/24 HPs)
             Began as a Mummy Necromancer on Sept 17, 2016.
             Slain by Natasha (5 damage)
             ... on level 2 of the Dungeon.
             The game lasted 00:02:00 (983 turns).

Alarkh the Grave Robber (Mummy Necromancer)          Turns: 983, Time: 00:02:01

Health: 0/24       AC:  6    Str: 11    XL:     3   Next: 10%
Magic:  3/7        EV: 12    Int: 15    God:
Gold:   28         SH:  0    Dex: 12    Spells: 1 memorised, 6 levels left

rFire  x . .     SeeInvis +     g - +1 whip
rCold  + . .     Gourm    .     a - +0 robe
rNeg   + + +     Faith    .     (no shield)
rPois  ∞         Spirit   .     k - +2 helmet {SInv}
rElec  .         Dismiss  .     h - +0 cloak
rCorr  .         Reflect  .     (no gloves)
MR     .....     Harm     .     (no boots)
Stlth  ++........               (no amulet)
                                (no ring)
                                (no ring)

@: slowed, very slow
A: no food or potions, fire vulnerability, cold resistance 1, negative energy
resistance 3, torment resistance, unbreathing
a: no special abilities


You were on level 2 of the Dungeon.
You were not hungry.

You visited 1 branch of the dungeon, and saw 2 of its levels.

You collected 28 gold pieces.

Inventory:

Hand Weapons
 g - a +1 whip (weapon)
Armour
 a - a +0 robe (worn)
 h - a +0 cloak (worn)
 k - a +2 helmet of see invisible (worn)
Scrolls
 c - a scroll of random uselessness
 f - 2 scrolls of recharging
Books
 b - a book of Necromancy

   Spells                             Type                      Level
   a - Pain                           Necromancy                   1
   b - Animate Skeleton               Necromancy                   1
   c - Vampiric Draining              Necromancy                   3
   d - Regeneration                   Charms/Necromancy            3
   e - Animate Dead                   Necromancy                   4
   f - Control Undead                 Necromancy                   4


   Skills:
 - Level 1.5 Dodging
 - Level 1.5 Stealth
 + Level 2.6 Spellcasting
 + Level 4.6 Necromancy


You had 6 spell levels left.
You knew the following spells:

 Your Spells              Type           Power        Failure   Level  Hunger
a - Pain                  Necr           ###.         3%          1    N/A

Dungeon Overview and Level Annotations

Branches:
Dungeon (2/15)

Altars:
Qazlal

Annotations:
D:2 Natasha


Innate Abilities, Weirdness & Mutations

You do not eat or drink.
Your flesh is vulnerable to fire.
You are immune to poison.
Your flesh is cold resistant. (rC+)
You are immune to negative energy. (rN+++)
You are immune to unholy pain and torment.
You can survive without breathing.


Message History

You hear an angry hiss.
You hear a shout!
The shadow imp disappears in a puff of smoke!
Natasha claws you but does no damage. Natasha claws you.
Natasha completely misses you. Natasha claws you.
Natasha claws you but does no damage.
Natasha mumbles some strange words.
You feel troubled. Natasha claws you but does no damage.
There is an open door here.
Natasha claws you!
* * * LOW HITPOINT WARNING * * *
Casting: Pain
Confirm with . or Enter, or press ? or * to list all spells.
Aiming: Pain
Press: ? - help, Shift-Dir - straight line, f - Natasha
Aim: Natasha (chance to defeat MR: 73%) Natasha writhes in agony!
Natasha claws you.
You die...

########..#####.#..#
#...#.....(...#....#
#.(.#.###.#.#....#
#.....# #...#.#.##
#.!...# #####.###
#.....# #§....#
#.....#####.....#.
#....)h......_.....#
###..)#@###.....#...
#..)#.# #....§#....
#####...#.# ###.###
...
#####.......#.#.#
..# ..
#...#......##.#.# ##
...#...#......##†..#
...#...#########.#.#
...#...'...........#
...+...#############


You could see Natasha.

Vanquished Creatures
  A dart slug (D:1)
  A leopard gecko (D:1)
  A giant cockroach (D:1)
  5 goblins
  5 hobgoblins
  3 jackals (D:1)
  2 frilled lizards (D:1)
  3 kobolds (D:1)
  5 rats
26 creatures vanquished.

Notes
Turn   | Place    | Note
-------+----------+-------------------------------------------
     0 | D:1      | Alarkh the Mummy Necromancer began the quest for the Orb.
     0 | D:1      | Reached XP level 1. HP: 13/13 MP: 3/3
   229 | D:1      | Reached XP level 2. HP: 19/19 MP: 0/5
   920 | D:2      | Found a stormy altar of Qazlal.
   925 | D:2      | Reached XP level 3. HP: 24/24 MP: 4/6
   961 | D:2      | Noticed Natasha
   983 | D:2      | Slain by Natasha

Vault maps used:
D:1:      evilmike_arrival_rings
D:2:      dancing_weapons_uskayaw, zin_purify, first_bread, grunt_qazlal_clouds,
          uniq_natasha

Action                   || total
-------------------------++-------
Melee: Unarmed           ||     4
       Whip              ||     4
 Cast: Pain              ||    43
  Use: Scroll            ||     5
Armor: Robe              ||     6
Dodge: Dodged            ||     6
